 Dungeon Crawl Stone Soup version 0.24.1-11-gbbbb2193e6 (webtiles) character file.

Game seed: 7335285033610780650, levelgen mode: deterministic

60 Bodigarde the Scratcher (level 3, 10/15 HPs)
             Began as a Felid Transmuter on May 14, 2020.
             Was a Follower of Vehumet.
             Quit the game on level 3 of the Dungeon.
             The game lasted 00:08:02 (2881 turns).

Bodigarde the Scratcher (Felid Transmuter)          Turns: 2881, Time: 00:08:02

Health: 10/15      AC:  1    Str:  7    XL:     3   Next: 82%
Magic:  7/7        EV: 18    Int: 14    God:    Vehumet [*.....]
Gold:   119        SH:  0    Dex: 16    Spells: 0/6 levels left
                                        Lives:  0   Deaths: 0

rFire    . . .     SeeInvis +     - Unarmed
rCold    . . .     Gourm    .   (shield unavailable)
rNeg     . . .     Faith    .   (armour unavailable)
rPois    .         Spirit   .   (helmet unavailable)
rElec    .         Reflect  .   (cloak unavailable)
rCorr    .         Harm     .   (gloves unavailable)
MR       .....                  (boots unavailable)
Stlth    ++........             (no amulet)
HPRegen  0.05/turn              (no ring)
MPRegen  0.10/turn              (no ring)

@: quick
A: very small, no armour, no weapons or thrown items, stealth, claws 1, fangs 3,
see invisible, carnivore, speed 1, shaggy fur 1, slow metabolism 1, sharp paws
a: Renounce Religion


You were on level 3 of the Dungeon.
You worshipped Vehumet.
Vehumet was aware of your devotion.
You were completely stuffed.

You visited 1 branch of the dungeon, and saw 3 of its levels.

You collected 119 gold pieces.

Inventory:

Missiles
 a - 38 arrows
Scrolls
 b - a scroll of blinking {unknown}
 d - a scroll of magic mapping {unknown}
 h - a scroll of remove curse {unknown}
 j - a scroll of enchant armour {unknown}
Potions
 e - a potion of brilliance
 f - a potion of mutation {unknown}
 g - 2 potions of agility
 k - a potion of might {unknown}
Comestibles
 c - 2 rations
 i - 5 chunks of flesh


   Skills:
 + Level 1.4 Fighting
 + Level 3.2 Dodging
 * Level 3.6 Unarmed Combat
 + Level 2.3 Spellcasting
 * Level 3.1 Transmutations


You couldn't memorise any spells.
You knew the following spells:

 Your Spells              Type           Power        Failure   Level  Hunger
a - Beastly Appendage     Tmut           ##....       6%          1    #......
b - Sticks to Snakes      Tmut           ##......     10%         2    ###....
c - Spider Form           Tmut/Pois      #.........   36%         3    ###....

Your spell library contained the following spells:

 Spells                   Type           Power        Failure   Level  Hunger
 Magic Dart               Conj           #...         22%         1    #......
 Ice Form                 Ice/Tmut       #.......     77%         4    #####..
 Blade Hands              Tmut           ##........   87%         5    ######.


Dungeon Overview and Level Annotations

Branches:
Dungeon (3/15)

Altars:
Elyvilon
Okawaru
Vehumet


Innate Abilities, Weirdness & Mutations

You cannot wear armour.
You are incapable of wielding weapons or throwing items.
Your paws allow you to move quietly. (Stealth)
You have sharp claws.
You have razor-sharp teeth.
You have supernaturally acute eyesight. (SInv)
You are carnivorous and can eat meat at any time.
You cover ground quickly.
You are covered in fur. (AC +1)
You have a slow metabolism.
Your sharp claws are effective at attacking unaware monsters.


Message History

The leopard gecko barely misses you.
You miss the leopard gecko.
The leopard gecko is heavily wounded.
The leopard gecko completely misses you.
You scratch the leopard gecko.
The leopard gecko is almost dead.
The leopard gecko bites you.
You miss the leopard gecko.
The leopard gecko is almost dead.
The leopard gecko bites you.
You scratch the leopard gecko but do no damage.
Your claw misses the leopard gecko. Your bite misses the leopard gecko.
The leopard gecko is almost dead.
The leopard gecko completely misses you.
You scratch the leopard gecko.
You kill the leopard gecko!
Vehumet accepts your kill.
No target in view!
Okay, then.
Are you sure you want to abandon this character and quit the game? (Confirm with "yes".)

.... ... .... ..
#####..##.#
#+#########.........#
....................####
..........#.............
.........#.#.....†......
........#._.#..(@.......
.........#.#.†..........
..........#........>....
...................#####
...........#########
<.......#### ........#
#########


There were no monsters in sight!

Vanquished Creatures
  2 adders
  A worm (D:3)
  A leopard gecko (D:3)
  A giant cockroach (D:3)
  4 goblins
  2 hobgoblins (D:1)
  5 jackals (D:1)
  2 quokkas
  8 bats
  4 frilled lizards
  4 kobolds
  6 rats
40 creatures vanquished.

Vanquished Creatures (collateral kills)
  A worm (D:2)
1 creature vanquished.

Grand Total: 41 creatures vanquished

Notes
Turn   | Place    | Note
-------+----------+-------------------------------------------
     0 | D:1      | Bodigarde the Felid Transmuter began the quest for the Orb.
     0 | D:1      | Reached XP level 1. HP: 9/9 MP: 4/4
   114 | D:1      | Reached XP level 2. HP: 7/12 MP: 4/6
   394 | D:1      | Learned a level 2 spell: Sticks to Snakes
  1068 | D:2      | Found a white marble altar of Elyvilon.
  1958 | D:2      | Reached XP level 3. HP: 15/15 MP: 3/7
  2105 | D:2      | Learned a level 3 spell: Spider Form
  2160 | D:2      | Found a faded altar of an unknown god.
  2165 | D:2      | Became a worshipper of Vehumet
  2165 | D:2      | Reached * piety under Vehumet
  2165 | D:2      | Offered knowledge of Magic Dart by Vehumet.
  2856 | D:3      | Found an iron altar of Okawaru.
  2881 | D:3      | Quit the game

Levels and vault maps discovered:
D:1:      lemuel_arrival_room, layout_loops_ring
D:2:      layout_basic, chequers_ecumenical_altar_simple, elyvilon_altar_3
D:3:      layout_basic, okawaru_metal_pillars_3

Skill      XL: |  1  2  3 |
---------------+----------+-----
Dodging        | 3 |  3.2
Transmutations | 3 |  3.1
Fighting       | |  1.4
Unarmed Combat | |  3.6
Spellcasting   | |  2.3

Action                   || total
-------------------------++-------
Melee: Unarmed           ||   104
       Headbutt          ||    18
       Bite              ||     5
       Punch             ||     1
 Cast: Beastly Appendage ||    24
       Sticks to Snakes  ||     4
  Use: Scroll            ||     3
 Stab: Sleeping          ||     4
       Distracted        ||     1
  Eat: Chunk             ||    12
Armor: Skin              ||     7
Dodge: Dodged            ||    80
